 Dungeon Crawl Stone Soup version 0.29.1-15-g9cfb28693d (webtiles) character file.

Game seed: 10915823596163989602

4139 cbfl8 the Cleaver (level 10, -3/65 (68) HPs)
             Began as a Demonspawn Fighter on Sept 8, 2023.
             Was a Follower of Hepliaklqana.
             Slain by a two-headed ogre
             ... wielding a +0 dire flail
              (14 damage)
             ... on level 9 of the Dungeon.
             The game lasted 00:09:29 (9348 turns).

cbfl8 the Cleaver (Demonspawn Fighter)              Turns: 9348, Time: 00:09:30

HP:   -3/65 (68)    AC: 20    Str: 18    XL:     10   Next: 7%
MP:   10/10         EV:  5    Int:  9    God:    Hepliaklqana [*.....]
Gold: 89            SH:  5    Dex: 16    Spells: 9/9 levels left

rFire   + . .      SeeInvis .   D - +1 broad axe (freeze)
rCold   x . .      Faith    .   c - +0 buckler
rNeg    . . .      Spirit   .   l - +0 plate armour
rPois   +          Reflect  .   (no helmet)
rElec   .          Harm     .   b - +2 cloak
rCorr   .          Rampage  .   o - +0 pair of gloves
Will    .....                   z - +0 pair of boots
Stlth   ..........              (no amulet)
HPRegen 0.20/turn               k - ring of fire
MPRegen 0.12/turn               B - ring of poison resistance

@: mighty, lightly drained
A: reduced essence, slimy green scales 1, demonic guardian 1, powered by pain 2,
demonic touch 1
a: Renounce Religion, Recall Ancestor, Ancestor Identity


You were on level 9 of the Dungeon.
You worshipped Hepliaklqana.
Hepliaklqana was aware of your devotion.
You visited 2 branches of the dungeon, and saw 10 of its levels.

You collected 313 gold pieces.
You spent 224 gold pieces at shops.

Inventory:

Hand Weapons
 a - a +0 war axe
 D - a +1 broad axe of freezing (weapon)
Armour
 b - a +2 cloak (worn)
 c - a +0 buckler (worn)
 l - a +0 plate armour (worn)
 o - a +0 pair of gloves (worn)
 z - a +0 pair of boots (worn)
Jewellery
 k - a ring of fire (left hand)
 t - a ring of ice
 B - a ring of poison resistance (right hand)
Wands
 q - a wand of flame (42)
Scrolls
 d - a scroll of magic mapping
 e - 2 scrolls of enchant armour
 f - 3 scrolls of teleportation
 g - 2 scrolls of fear
 h - 3 scrolls of enchant weapon
 n - 2 scrolls of noise
 r - a scroll of fog
 s - a scroll of amnesia {unknown}
 y - 2 scrolls of immolation
 A - a scroll of blinking
 C - 2 scrolls of poison
Potions
 i - 2 potions of lignification {unknown}
 j - a potion of resistance
 m - a potion of haste
 p - a potion of heal wounds
 v - a potion of degeneration {unknown}
 w - 2 potions of attraction {unknown}
 E - 2 potions of ambrosia {unknown}


   Skills:
 + Level 6.2 Fighting
 + Level 8.5 Axes
 + Level 6.5 Armour
 + Level 4.5 Shields
 * Level 6.3 Evocations


You had 9 spell levels left.
You didn't know any spells.
Your spell library contained the following spells:

 Spells                   Type           Power      Damage    Failure   Level
 Shock                    Conj/Air       0%         1d3       100%        1
 Dazzling Flash           Conj/Hex       0%         N/A       100%        3
 Gell's Gravitas          Tloc           0%         N/A       100%        3
 Lesser Beckoning         Tloc           0%         N/A       100%        3
 Swiftness                Air            0%         N/A       100%        3
 Teleport Other           Tloc           0%         N/A       100%        3
 Airstrike                Air            0%         2d(0-16)  100%        4
 Agony                    Necr           0%         N/A       100%        5
 Silence                  Hex/Air        0%         N/A       100%        5


Dungeon Overview and Level Annotations

Branches:
Dungeon (9/15)             Temple (1/1) D:6
   Lair: D:8-11         Orc: D:9-12

Altars:
Ashenzari
Cheibriados
Dithmenos
Fedhas
Gozag
Hepliaklqana
Kikubaaqudgha
Makhleb
Nemelex Xobeh
Okawaru
Ru
Sif Muna
Trog
Uskayaw
Vehumet
Xom
Yredelemnul

Shops:
D:5 (

Annotations:
D:5 2 transporters, smokinjp's ghost, amateur DsGl


Innate Abilities, Weirdness & Mutations

Your life essence is reduced to manifest your ancestor. (-10% HP)
You are partially covered in slimy green scales. (AC +2)
A weak demonic guardian rushes to your aid.
You sometimes gain power by taking damage.
Your touch may inflict minor irresistible damage on your foes.


Message History

You slash the acid dragon! You freeze the acid dragon.
You kill the acid dragon!
Unknown command.
No target in view!
No target in view!
A two-headed ogre comes into view.
It is wielding a +0 dire flail and a +0 giant club.
A two-headed ogre is nearby!
A two-headed ogre is nearby!
Found 6 poisoned darts.
You hit the two-headed ogre. You freeze the two-headed ogre.
The two-headed ogre is lightly wounded.
Valentine hits the two-headed ogre.
The two-headed ogre hits you but does no damage.
The two-headed ogre hits you with a +0 giant club!!
Unknown command.
Unknown command.
You barely miss the two-headed ogre.
The two-headed ogre is lightly wounded.
Valentine barely misses the two-headed ogre.
The two-headed ogre hits you with a +0 dire flail.
The two-headed ogre hits you with a +0 giant club.
Valentine hits the two-headed ogre!
Unknown command.
You are too injured to fight recklessly!
Unknown command.
You are too injured to fight recklessly!
Valentine hits the two-headed ogre.
Valentine hits the two-headed ogre.
Valentine hits the two-headed ogre.
You see here a wand of light (6).
You see here a coppery potion.
The two-headed ogre attacks as you move away!
The two-headed ogre hits you but does no damage.
The two-headed ogre hits you with a +0 giant club!
* * * LOW HITPOINT WARNING * * *
You focus on the pain.
You feel very mighty all of a sudden.
The two-headed ogre attacks as you move away!
The two-headed ogre hits you with a +0 dire flail!
You die...

... #########....
............. #.............
##..###########...............
.........../.RO@..............
(.............................
#######.......................
#............<..........
....^....................
..........................
......................###
...################...#
########...#####


You could see the friendly Valentine the ancestor and a two-headed ogre (ally
target).

Vanquished Creatures
  A two-headed ogre (D:8)
  Sigmund (D:3)
  4 yaks (D:8)
  An acid dragon (D:9)
  A water moccasin (D:6)
  2 black bears
  A sky beast (D:8)
  An orc warrior (D:7)
  An ice beast (D:5)
  3 ogres
  A centaur (D:7)
  A phantom (D:7)
  3 gnoll sergeants
  A necrophage (D:6)
  3 bullfrogs
  2 scorpions
  4 wights
  5 killer bees
  A crimson imp (D:3)
  2 hounds
  2 jellies
  A gnoll bouda (D:9)
  An orc priest (D:3)
  2 iguanas
  4 orc wizards
  8 adders
  11 gnolls
  3 white imps
  An ufetubus (D:5)
  2 worms
  2 dart slugs (D:1)
  12 orcs
  2 endoplasms
  4 giant cockroaches
  7 goblins
  10 hobgoblins
  7 jackals
  2 quokkas
  11 ball pythons
  4 bats
  4 frilled lizards
  A goblin skeleton (D:3)
  4 goblin zombies (D:3)
  2 hobgoblin zombies (D:3)
  6 kobolds
  A kobold skeleton (D:3)
  A kobold zombie (D:3)
  2 orc skeletons (D:3)
  An orc zombie (D:3)
  7 rats
164 creatures vanquished.

Vanquished Creatures (collateral kills)
  A wight (D:9)
  A killer bee (D:8)
  A gnoll (D:9)
  An orc (D:8)
  A hobgoblin (D:3)
5 creatures vanquished.

Vanquished Creatures (others)
  An ancestor (D:8)
  A hobgoblin (D:3)
2 creatures vanquished.

Grand Total: 171 creatures vanquished

Notes
Turn   | Place    | Note
-------+----------+-------------------------------------------
     0 | D:1      | cbfl8 the Demonspawn Fighter began the quest for the Orb.
     0 | D:1      | Reached XP level 1. HP: 18/18 MP: 1/1
   114 | D:1      | Found a faded altar of an unknown god.
   136 | D:1      | Gained mutation: You are partially covered in slimy green
                  | scales. (AC +2) [demonic ancestry]
   136 | D:1      | Reached XP level 2. HP: 24/24 MP: 2/2
   180 | D:1      | Reached skill level 2 in Axes
   339 | D:1      | Gained mutation: You sometimes gain a little power by
                  | taking damage. [demonic ancestry]
   339 | D:1      | Reached XP level 3. HP: 27/29 MP: 3/3
   510 | D:2      | Reached skill level 1 in Evocations
  1227 | D:2      | Identified the +3 war axe of Gloom {chaos, rC- rCorr Dex+3
                  | Stlth+}
  1450 | D:2      | Reached XP level 4. HP: 35/35 MP: 4/4
  1607 | D:3      | Noticed Sigmund
  1618 | D:3      | Killed Sigmund
  1619 | D:3      | Reached skill level 3 in Axes
  1619 | D:3      | Reached XP level 5. HP: 28/42 MP: 5/5
  1865 | D:3      | Reached XP level 6. HP: 14/48 MP: 6/6
  2206 | D:3      | Reached skill level 4 in Axes
  2272 | D:3      | Identified the +1 pair of boots "Lainet" {rPois Str-3
                  | Int+3}
  3031 | D:4      | Gained mutation: A weak demonic guardian rushes to your
                  | aid. [demonic ancestry]
  3031 | D:4      | Reached XP level 7. HP: 53/54 MP: 7/7
  3078 | D:4      | Reached skill level 5 in Axes
  3445 | D:5      | Entered Level 5 of the Dungeon
  3604 | D:5      | Found a transporter.
  3605 | D:5      | Found a transporter.
  3605 | D:5      | Noticed a wyvern
  3605 | D:5      | Noticed smokinjp's ghost (amateur DsGl)
  3865 | D:5      | Found Bihieguch's Antique Weapon Shoppe.
  4193 | D:5      | Gained mutation: You sometimes gain power by taking damage.
                  | [demonic ancestry]
  4193 | D:5      | Reached XP level 8. HP: 57/61 MP: 8/8
  4201 | D:5      | Reached skill level 6 in Axes
  4591 | D:6      | Found a sacrificial altar of Ru.
  5129 | D:6      | Found a staircase to the Ecumenical Temple.
  5147 | D:6      | Reached skill level 5 in Fighting
  5155 | Temple   | Entered the Ecumenical Temple
  5428 | Temple   | Became a worshipper of Hepliaklqana the Forgotten
  5881 | D:7      | Reached skill level 7 in Axes
  6014 | D:7      | Identified the +1 robe "Boethiy" {rF- rC+ Dex+4}
  6026 | D:7      | Found an ancient bone altar of Kikubaaqudgha.
  6061 | D:7      | Found an opulent altar of Gozag.
  6394 | D:5      | Bought a glowing broad axe for 224 gold pieces
  6640 | D:7      | Identified the +3 leather armour of Gehenna {rN+ Will+
                  | Str+6}
  6646 | D:7      | Reached skill level 5 in Evocations
  6646 | D:7      | Reached XP level 9. HP: 44/68 MP: 9/9
  7060 | D:8      | Reached skill level 5 in Armour
  7194 | D:8      | Reached * piety under Hepliaklqana
  7414 | D:8      | Noticed a two-headed ogre
  7420 | D:8      | Killed a two-headed ogre
  7421 | D:8      | Reached skill level 8 in Axes
  7567 | D:8      | Found a blossoming altar of Fedhas.
  8598 | D:8      | Found a blossoming altar of Fedhas.
  8820 | D:9      | Gained mutation: Your touch may inflict minor irresistible
                  | damage on your foes. [demonic ancestry]
  8820 | D:9      | Reached XP level 10. HP: 45/67 MP: 10/10
  9333 | D:9      | Noticed a two-headed ogre
  9348 | D:9      | Slain by a two-headed ogre

Illustrated notes

Levels and vault maps discovered:
D:1:      lemuel_arrival_hallway, layout_basic,
          chequers_ecumenical_altar_simple_redux, item_on_display_a
D:2:      layout_loops_ring, minmay_heptomino_l4
D:3:      layout_loops_ring, nicolae_tso_besieged_by_evil,
          minmay_tree_intersection, minmay_between, uniq_sigmund
D:4:      layout_loops_ring
D:5:      layout_basic, serial_shops, shop_fountains, gammafunk_ghost_arena
D:6:      layout_gridville, mainiacjoe_overflow_boulevard,
          minmay_temple_entry_trees, palyth_stone_intersect
D:7:      layout_loops_ring, mainiacjoe_overflow_brackets,
          nicolae_gozag_seed_capital
D:8:      layout_rooms, fedhas_ov_isle_minmay
D:9:      layout_long_grid, grunt_temple_overflow_open
Temple:   minmay_temple_curvy_branch

Skill      XL: |  1  2  3  4  5  6  7  8  9 |
---------------+----------------------------+-----
Axes           | 2 3 4 5 7 8 |  8.5
Shields        | 3 4 |  4.5
Armour         | 3 4 6 |  6.5
Evocations     | 1 2 3 5 6 |  6.3
Fighting       | 4 5 6 |  6.2

Action                   |  1- 3 |  4- 6 |  7- 9 | 10-12 || total
-------------------------+-------+-------+-------+-------++-------
Melee: War axe           |    99 |   115 |   156 |       ||   370
       Broad axe         |       |       |    99 |    19 ||   118
Invok: Ancestor Identity |       |       |     2 |       ||     2
  Use: Potion            |       |     1 |     3 |       ||     4
       Scroll            |       |     5 |     9 |       ||    14
 Stab: Distracted        |       |       |     1 |       ||     1
       Confused          |       |       |     4 |       ||     4
Armor: Scale mail        |    26 |       |       |       ||    26
       Plate armour      |    29 |    89 |   175 |    24 ||   317
Dodge: Dodged            |    30 |    24 |    65 |    10 ||   129
Block: Buckler           |    26 |    40 |    80 |     9 ||   155
